Get step-by-step instructions on how to execute this build order below. Start the game timer, and the build order will tick by so you can play in parallel with StarCraft on a second screen or mobile device.

Game Time

  0:00

Last Step

  N/A

Next Step

  12  0:01  Drone  

Upcoming Step

  13  0:12  Overlord  

Don't want to look back and forth between 2 screens? Try out our Overwolf App, the Spawning Tool Build Advisor to get an in-game overlay with this build!

Complete Build Order

  12  0:01  Drone  
  13  0:12  Overlord  
  13  0:18  Drone  
  14  0:32  Drone x2  
  16  0:49  Hatchery  
  15  0:53  Drone  
  15  0:56  Drone  
  17  1:00  Drone  
  18  1:16  Spawning Pool  
  18  1:17  Drone  
  18  1:25  Drone  
  19  1:34  Extractor  
  18  1:41  Drone  
  19  2:02  Queen  
  19  2:03  Zergling x8  
  19  2:04  Spine Crawler  
  24  2:12  Spine Crawler  
  24  2:13  Spine Crawler  
  21  2:20  Zergling x4  
  21  2:33  Zergling x4  
  22  2:40  Queen  
  24  2:44  Drone  
  25  2:55  Metabolic Boost  
  25  2:59  Drone  
  25  3:01  Drone  
  27  3:11  Drone  
  28  3:25  Overlord  
  28  3:27  Extractor  
  28  3:28  Extractor, Queen  
  28  3:31  Overlord  
  30  3:43  Queen  
  30  3:47  Drone x3  
  33  3:51  Drone x2  
  35  4:02  Drone x2  
  37  4:03  Queen  
  37  4:09  Drone x2  
  40  4:14  Overlord  
  40  4:17  Zergling x4  
  42  4:25  Extractor, Queen  
  42  4:27  Overlord  
  43  4:38  Zergling x2  
  43  4:39  Zergling x8  
  43  4:44  Queen  
  50  4:50  Zergling x6  
  53  4:59  Zergling x10  
  58  5:05  Queen  
  60  5:09  Overlord  
  59  5:15  Overlord  
  59  5:27  Queen  
  60  5:30  Zergling x12  
  64  5:39  Zergling x2  
  61  5:45  Queen  
  61  5:49  Zergling x10  
  63  6:03  Queen  
  63  6:04  Zergling x4  
  66  6:15  Zergling x2  
  66  6:16  Zergling x8  
  63  6:23  Zergling x2  
  64  6:28  Queen  
  64  6:29  Zergling x2  
  64  6:30  Hatchery  
  66  6:33  Zergling x2  
  66  6:38  Zergling x8  
  69  6:48  Zergling x4  
  66  7:03  Queen  
  61  7:10  Zergling x10  
  64  7:18  Zergling x4  
  66  7:25  Zergling x2  
  65  7:36  Zergling x2  
  66  7:39  Queen  
  65  7:45  Zergling x2  
  64  7:54  Zergling x6  
  64  7:56  Lair  
  67  8:00  Zergling x6  
  70  8:10  Zergling x4  
  71  8:19  Extractor, Queen  
  72  8:22  Zergling x2  
  72  8:25  Zergling x4  
  73  8:27  Hatchery  
  73  8:29  Zergling x4  
  73  8:33  Overlord  
  68  8:59  Spire